 Dungeon Crawl Stone Soup version 0.23.0-3-gf3c87f2 (webtiles) character file.

Game seed: 8959737205144448029

51402 Dazliare the Fighter (level 14, -2/92 HPs)
             Began as a Tengu Venom Mage on Feb 22, 2019.
             Was a High Priest of Sif Muna.
             Slain by an orc knight
             ... wielding a +0 war axe
              (33 damage)
             ... on level 2 of the Orcish Mines.
             The game lasted 01:11:03 (27850 turns).

Dazliare the Fighter (Tengu Venom Mage)            Turns: 27850, Time: 01:11:03

Health: -2/92      AC:  8    Str:  9    XL:     14   Next: 59%
Magic:  11/30      EV: 20    Int: 24    God:    Sif Muna [*****.]
Gold:   568        SH: 13    Dex: 15    Spells: 7/36 levels left

rFire    . . .     SeeInvis .   U - +2 hand axe (flame)
rCold    . . .     Gourm    .   S - +1 buckler {rPois}
rNeg     + . .     Faith    .   d - +1 leather armour {rN+}
rPois    +         Spirit   .   (helmet restricted)
rElec    .         Reflect  +   m - +0 cloak
rCorr    .         Harm     .   x - +2 pair of gloves
MR       ++...                  (boots unavailable)
Stlth    ++........             X - +5 amulet of reflection
HPRegen  0.25/turn              t - ring of protection from magic
MPRegen  0.22/turn              G - +4 ring of intelligence

@: death channel, radiating poison, flying quickly and evasively, studying
Shields, divine energy, quick
A: beak, talons 3, able to fly
a: Stop Flying, Stop Divine Energy, Channel Magic, Forget Spell, Renounce
Religion


You were on level 2 of the Orcish Mines.
You worshipped Sif Muna.
Sif Muna was extremely pleased with you.
You were not hungry.

You visited 3 branches of the dungeon, and saw 19 of its levels.

You collected 1114 gold pieces.
You spent 546 gold pieces at shops.

Inventory:

Hand Weapons
 U - a +2 hand axe of flaming (weapon)
Armour
 d - a +1 leather armour of positive energy (worn)
 m - a +0 cloak (worn)
 x - a +2 pair of gloves (worn)
 S - a +1 buckler of poison resistance (worn)
 V - a +2 ring mail of cold resistance
 W - a +0 shield
Jewellery
 t - a ring of protection from magic (left hand)
 D - an uncursed ring of protection from cold
 G - a +4 ring of intelligence (right hand)
 X - a +5 amulet of reflection (around neck)
Wands
 w - a wand of paralysis (13)
 y - a wand of polymorph (26)
 I - a wand of flame (32)
 J - a wand of disintegration (24) {@e1}
 L - a wand of clouds (3)
 M - a wand of scattershot (3)
 N - a wand of iceblast (13)
 Z - a wand of enslavement (6)
Scrolls
 a - 2 scrolls of blinking
 b - 3 scrolls of fog
 h - 5 scrolls of teleportation {@r4}
 j - 3 scrolls of remove curse {@r2}
 k - a scroll of noise {unknown}
 l - a scroll of enchant weapon
 q - a scroll of summoning {unknown}
 r - a scroll of magic mapping
 s - 4 scrolls of amnesia
 v - 4 scrolls of immolation {!r}
 F - 2 scrolls of holy word {unknown}
 O - a scroll of silence {unknown}
 P - a scroll of fear {unknown}
 T - a scroll of torment {unknown}
 Y - a scroll of vulnerability {unknown}
Potions
 e - a potion of magic {unknown}
 g - 4 potions of ambrosia
 i - 3 potions of mutation {!q}
 n - a potion of heal wounds {@q2}
 o - a potion of haste {@q3}
 p - 3 potions of curing {@q1}
 u - a potion of agility {unknown}
 z - a potion of brilliance
 A - a potion of lignification {unknown}
 B - 2 potions of cancellation
 E - a potion of resistance {unknown}
 K - 3 potions of might {unknown}
 R - 3 potions of berserk rage {unknown}
Books
 C - a manual of Shields {!d}
Miscellaneous
 f - a phantom mirror
Comestibles
 c - 27 rations {@e1}


   Skills:
 * Level 12.7 Fighting
 - Level 8.0 Dodging
 - Level 2.0 Stealth
 * Level 11.6 Shields
 + Level 11.8 Spellcasting
 - Level 1.3 Conjurations
 - Level 12.0 Necromancy
 - Level 8.5 Poison Magic


You had 7 spell levels left.
You knew the following spells:

 Your Spells              Type           Power        Failure   Level  Hunger
a - Sting                 Conj/Pois      ####         1%          1    None
b - Poisonous Vapours     Pois/Air       ####..       1%          2    None
c - Mephitic Cloud        Conj/Pois/Air  ####....     4%          3    None
d - Olgreb's Toxic Radia  Pois           ######..     1%          4    None
e - Borgnjor's Vile Clut  Necr/Erth      #####.....   14%         5    ###....
f - Bolt of Draining      Conj/Necr      #####.....   11%         5    ###....
g - Ignite Poison         Fire/Tmut/Pois ####....     6%          3    None
h - Death Channel         Necr           ######....   7%          6    #####..

Your spell library contained the following spells:

 Spells                   Type           Power        Failure   Level  Hunger
 Animate Skeleton         Necr           N/A          1%          1    None
 Corpse Rot               Necr           N/A          1%          2    None
 Sublimation of Blood     Necr           ######....   1%          2    None
 Regeneration             Chrm/Necr      #####.....   1%          3    None
 Animate Dead             Necr           N/A          1%          4    None
 Agony                    Necr           ######..     1%          5    ###....
 Dispel Undead            Necr           ######..     1%          5    ###....
 Spider Form              Tmut/Pois      ####......   3%          3    None
 Beastly Appendage        Tmut           ##....       6%          1    None
 Corona                   Hex            ##.....      6%          1    None
 Slow                     Hex            ##......     10%         2    None
 Sticks to Snakes         Tmut           ##......     10%         2    None
 Conjure Flame            Conj/Fire      ###.....     14%         3    None
 Dazzling Spray           Conj/Hex       ###...       14%         3    None
 Excruciating Wounds      Chrm/Necr      #####.....   14%         5    ###....
 Inner Flame              Hex/Fire       ##......     19%         3    None
 Portal Projectile        Hex/Tloc       ##....       19%         3    None
 Recall                   Summ/Tloc      N/A          19%         3    None
 Spectral Weapon          Hex/Chrm       ##......     19%         3    None
 Tukima's Dance           Hex            ##......     19%         3    None
 Venom Bolt               Conj/Pois      #####.....   22%         5    ###....
 Cause Fear               Hex            ##........   52%         4    None
 Ice Form                 Ice/Tmut       ##......     52%         4    None
 Leda's Liquefaction      Hex/Erth       ##........   52%         4    None
 Simulacrum               Ice/Necr       #####.....   63%         6    #####..
 Fireball                 Conj/Fire      ###.......   78%         5    ###....
 Bolt of Magma            Conj/Fire/Erth ###.......   82%         5    ###....
 Blade Hands              Tmut           ##........   86%         5    ###....
 Bolt of Fire             Conj/Fire      ###.......   100%        6    #####..
 Freezing Cloud           Conj/Ice/Air   ###.......   100%        6    #####..
 Iron Shot                Conj/Erth      ###.......   100%        6    #####..
 Statue Form              Tmut/Erth      ##.......    100%        6    #####..
 Ring of Flames           Chrm/Fire      ##........   100%        7    ######.
 Borgnjor's Revivificati  Necr           ######....   96%         8    #######
 Death's Door             Chrm/Necr      #####.....   100%        8    #######
 Ignition                 Fire           ##........   100%        8    #######
 Shatter                  Erth           ##........   100%        9    #######


Dungeon Overview and Level Annotations

Branches:
Dungeon (11/15)            Temple (0/1) D:6            Lair (6/6) D:8
 Shoals (0/4) Lair:3        Snake (0/4) Lair:3        Slime (0/5) Lair:6
    Orc (2/2) D:9             Elf (0/3) Orc:2

Altars:
Dithmenos
Elyvilon
Fedhas
Gozag
Kikubaaqudgha
Sif Muna
Vehumet
Wu Jian
Zin
The Shining One
Jiyva

Shops:
D:11 [   Orc:2 }

Annotations:
D:1 exclusion: downstairs
D:4 2 transporters, 11Jery11's ghost, amateur MiFi
D:7 exclusion: downstairs
D:9 exclusion: door
D:10 exclusion: 2 downstairs
D:11 2 runed translucent doors, exclusion: oklob plant, sanboga's ghost, journeyman GrBe
Lair:5 exclusion: 2 downstairs
Lair:6 2 runed translucent doors
Orc:1 exclusion: downstairs
Orc:2 Saint Roka


Innate Abilities, Weirdness & Mutations

You have a beak for a mouth.
You have claws for feet.
You can fly continuously.


Message History

The orc knight roars a battlecry!
The orc warrior goes into a battle-frenzy!
The orc warrior throws a tomahawk.
The tomahawk completely misses you. The warg barely misses you.
Saint Roka hits you with a +6 war axe of holy wrath!!
* * * LOW HITPOINT WARNING * * *
Saint Roka hits your spectral ogre with a +6 war axe of holy wrath!
Your spectral ogre is destroyed!
Your spectral orc hits the orc knight but does no damage.
Your spectral orc warrior misses the warg.
Unknown command.
Unknown command.
You take 26 damage, and have 31/92 hp.
MASSIVE DAMAGE!!
You now have 11/30 mp.
Unknown command.
You swap places.
The orc knight looks even sicker.
Saint Roka looks even sicker.
The orc warrior looks even sicker.
The warg bites your spectral orc!
Your spectral orc is destroyed!
The orc knight hits you with a +0 war axe!!
You die...

,,,*,,,,#..###[###.###*###,,*,,,,
,,,*∩,,,*..* #.# *)# *,,*,,,∩
,,,******..###[###.######*,,*****
,,,,,,,......[...........,,,,,,,,
*,,,,,,..h...Z..)Z)......,,,,,,,,
,,,,,,,.......[ZZ))......,,,,,,,,
*,,,,,,.......Z.(oh......,,*,,,,,
,,,,,,,........†oZh......,,,,,,,*
*,*,,,,.......).@.(Z.....,,,,,,,,
,,,,,,,...............##.,,,,,,,*
,,,,,,,,,........Z.......,,,,,,**
,,,,,,,,,........).......,,,,,,,*
,,,,,,,,,.......#.$......,,,,,,**
,,,,,*,,,................,,,,,,,*
,**,,,,,,..............o.,,,,,,,,
,**,,,,,,.......,.......,,,,,**,*
**,,,,,,,,,,,,,,*,,,,,,,,,,,,****


You could see Saint Roka, an orc knight, 3 wargs, an orc warrior, 5 friendly
spectral orcs and 3 friendly spectral orc warriors.

Vanquished Creatures
  An entropy weaver (Lair:4)
  Erolcha (D:9)
  2 hydras (Lair:5)
  2 anacondas (Lair:5)
  A catoblepas (Lair:3)
  2 two-headed ogres (D:10)
  An orc knight (Orc:2)
  An orc sorcerer (Orc:1)
  8 elephants (Lair:6)
  6 black mambas
  9 spiny frogs
  A rime drake (Lair:6)
  5 komodo dragons
  5 polar bears
  A queen bee (Lair:2)
  2 trolls
  Prince Ribbit (D:9)
  A hornet (D:8)
  22 blink frogs
  8 hippogriffs
  6 basilisks
  23 yaks
  2 hogs (D:9)
  A human (D:9)
  Edmund (D:6)
  2 steam dragons
  A warg (Orc:1)
  4 nagas (Lair:3)
  2 soldier ants (Lair:4)
  16 water moccasins
  A hell hound (Lair:6)
  3 porcupines
  19 orc warriors
  A black bear (D:10)
  2 sky beasts
  5 ice beasts
  An eye of draining (D:10)
  6 ogres
  22 wolves
  A boggart (D:10)
  3 phantoms
  15 centaurs
  9 crocodiles
  A big kobold (D:8)
  10 bullfrogs
  2 water moccasin zombies
  3 scorpions
  4 wights
  27 killer bees
  3 electric eels (Lair:2)
  3 howler monkeys
  7 crimson imps
  A centaur zombie (D:10)
  4 lava snakes (Lair:6)
  A bullfrog zombie (D:9)
  3 centaur skeletons
  2 hounds
  14 orc wizards
  2 bullfrog skeletons (D:5)
  10 orc priests
  A jelly (D:11)
  5 iguanas
  12 worker ants
  A bullfrog simulacrum (D:10)
  A hound zombie (D:7)
  2 hound skeletons
  A killer bee simulacrum (D:10)
  9 gnolls
  15 adders
  2 hound simulacra (D:10)
  3 shadow imps
  A white imp (D:10)
  An ufetubus (D:10)
  An adder skeleton (D:4)
  3 adder zombies
  2 worms
  6 leopard geckos
  42 orcs
  7 bats
  9 giant cockroaches
  3 goblins
  4 hobgoblins
  7 jackals
  13 kobolds
  3 quokkas
  2 ball pythons
  5 frilled lizards
  A quokka simulacrum (D:10)
  A quokka skeleton (D:9)
  7 rats
  2 fungi (Lair:1)
  A plant (Lair:1)
496 creatures vanquished.

Vanquished Creatures (collateral kills)
  An entropy weaver (Lair:4)
  2 hydras
  A queen ant (Lair:4)
  A lindwurm (Lair:6)
  2 elephants (Lair:6)
  7 black mambas
  3 molten gargoyles (Lair:6)
  2 spiny frogs
  4 komodo dragons
  8 blink frogs
  A hippogriff (Lair:6)
  A wyvern (Lair:6)
  5 yaks
  5 basilisks
  3 soldier ants (Lair:4)
  7 water moccasins
  3 hell hounds (Lair:6)
  4 porcupines
  4 wolves
  4 crocodiles
  A killer bee (Lair:2)
  A lava snake (Lair:6)
  3 worker ants (Lair:4)
  A bush (Lair:2)
  5 fungi
  3 plants
82 creatures vanquished.

Vanquished Creatures (others)
  A centaur simulacrum (D:11)
  An orc (Orc:2)
  6 fungi
  4 plants
12 creatures vanquished.

Grand Total: 590 creatures vanquished

Notes
Turn   | Place    | Note
-------+----------+-------------------------------------------
     0 | D:1      | Dazliare the Tengu Venom Mage began the quest for the Orb.
     0 | D:1      | Reached XP level 1. HP: 10/10 MP: 4/4
   416 | D:1      | Reached XP level 2. HP: 3/15 MP: 1/6
   978 | D:1      | Learned a level 2 spell: Poisonous Vapours
  1593 | D:2      | Reached XP level 3. HP: 18/19 MP: 2/7
  1598 | D:2      | Learned a level 3 spell: Mephitic Cloud
  1609 | D:2      | Found a blossoming altar of Fedhas.
  2795 | D:3      | Reached XP level 4. HP: 24/24 MP: 5/9
  3330 | D:4      | Noticed an ogre
  3376 | D:4      | Gained mutation: You can fly continuously. [Tengu growth]
  3376 | D:4      | Reached XP level 5. HP: 28/28 MP: 7/10
  3395 | D:4      | Found an opulent altar of Gozag.
  3396 | D:4      | Found a shadowy altar of Dithmenos.
  3396 | D:4      | Found a white marble altar of Elyvilon.
  3396 | D:4      | Found a glowing silver altar of Zin.
  3406 | D:4      | Reached skill level 5 in Poison Magic
  3408 | D:4      | Found a deep blue altar of Sif Muna.
  3408 | D:4      | Found a blossoming altar of Fedhas.
  3475 | D:4      | Became a worshipper of Sif Muna the Loreminder
  3637 | D:4      | Killed an ogre
  3637 | D:4      | Reached XP level 6. HP: 32/32 MP: 0/12
  3654 | D:4      | Noticed a phantom
  3668 | D:4      | Learned a level 4 spell: Olgreb's Toxic Radiance
  4030 | D:4      | Identified the +1 dire flail "Moehis" {crush, Str+6 Stlth-}
  4030 | D:4      | Noticed 11Jery11's ghost (amateur MiFi)
  4030 | D:4      | Noticed a phantom
  4256 | D:4      | Found a transporter.
  4317 | D:4      | Killed a phantom
  4346 | D:4      | Found a transporter.
  4433 | D:5      | Entered Level 5 of the Dungeon
  4591 | D:5      | Reached XP level 7. HP: 36/36 MP: 7/14
  4594 | D:5      | Reached * piety under Sif Muna
  4842 | D:5      | Reached skill level 1 in Fighting
  5270 | D:5      | Reached XP level 8. HP: 33/46 MP: 10/16
  5768 | D:5      | Reached skill level 5 in Spellcasting
  6396 | D:6      | Noticed Edmund
  6422 | D:6      | Killed Edmund
  6422 | D:6      | Reached skill level 5 in Fighting
  6929 | D:6      | Found a staircase to the Ecumenical Temple.
  7415 | D:7      | Reached XP level 9. HP: 56/56 MP: 11/18
  7657 | D:7      | Found an ancient bone altar of Kikubaaqudgha.
  7670 | D:7      | Found a glowing golden altar of the Shining One.
  7670 | D:7      | Found a radiant altar of Vehumet.
  7923 | D:7      | Reached ** piety under Sif Muna
  8364 | D:8      | Noticed a hornet
  8369 | D:8      | Killed a hornet
  9478 | D:8      | Found a staircase to the Lair.
  9491 | D:8      | Reached XP level 10. HP: 55/64 MP: 8/23
  9943 | D:9      | Reached *** piety under Sif Muna
 10107 | D:9      | Found a staircase to the Orcish Mines.
 10203 | D:9      | Noticed an eight-headed hydra
 10203 | D:9      | Identified the ring "Yciymey" {*Tele rElec rPois MR+ Dex-2}
 10203 | D:9      | Noticed a centaur warrior
 10280 | D:9      | Reached skill level 10 in Spellcasting
 10333 | D:9      | Noticed Prince Ribbit
 10632 | D:9      | Noticed Erolcha
 10654 | D:9      | Killed Erolcha
 10909 | D:9      | Killed Prince Ribbit
 11287 | D:9      | Reached skill level 5 in Dodging
 11291 | D:10     | Entered Level 10 of the Dungeon
 11577 | D:10     | Reached **** piety under Sif Muna
 11863 | D:10     | Noticed a two-headed ogre
 11963 | D:10     | Killed a two-headed ogre
 11963 | D:10     | Reached XP level 11. HP: 60/68 MP: 20/26
 12462 | D:10     | Learned a level 5 spell: Borgnjor's Vile Clutch
 12573 | D:10     | Reached skill level 1 in Necromancy
 13322 | D:11     | Found a runed translucent door.
 13327 | D:11     | Noticed an eight-headed hydra
 13373 | D:11     | Noticed a two-headed ogre
 13389 | D:10     | Killed a two-headed ogre
 13613 | D:11     | Reached skill level 5 in Necromancy
 13744 | D:11     | Found Zodeaj's Armour Shoppe.
 13747 | D:11     | Bought a +1 buckler of poison resistance for 162 gold
                  | pieces
 13807 | D:11     | Found a runed translucent door.
 13820 | D:11     | Reached skill level 1 in Shields
 14269 | D:11     | Noticed a lich
 14269 | D:11     | Noticed sanboga's ghost (journeyman GrBe)
 14272 | D:11     | Noticed a flayed ghost
 14272 | D:11     | Noticed a necromancer
 14599 | D:11     | Found an ornate altar of the Wu Jian Council.
 14600 | D:11     | Noticed an oklob plant
 15255 | Orc:1    | Entered Level 1 of the Orcish Mines
 15259 | Orc:1    | Reached ***** piety under Sif Muna
 15385 | Orc:1    | Received a gift from Sif Muna
 15526 | Orc:1    | Learned a level 5 spell: Bolt of Draining
 15640 | Orc:1    | You are sucked into a shaft!
 15640 | Orc:2    | Entered Level 2 of the Orcish Mines
 15640 | Orc:2    | Noticed an orc knight
 15649 | Orc:2    | Noticed Saint Roka
 15657 | Orc:2    | Noticed an orc knight
 15657 | Orc:2    | Found Iggosya's Gadget Boutique.
 15657 | Orc:2    | Noticed an orc knight
 15657 | Orc:2    | Noticed an orc knight
 15687 | Orc:2    | Noticed a two-headed ogre
 15688 | Orc:2    | Noticed an orc knight
 15691 | Orc:2    | Killed an orc knight
 15691 | Orc:2    | Reached XP level 12. HP: 36/73 MP: 17/27
 16309 | Lair:1   | Entered Level 1 of the Lair of Beasts
 16466 | Lair:1   | Learned a level 3 spell: Ignite Poison
 16709 | Lair:1   | Learned a level 6 spell: Death Channel
 16759 | Lair:1   | Reached skill level 10 in Necromancy
 16844 | Lair:1   | Noticed a five-headed hydra
 16854 | Lair:1   | Killed a five-headed hydra
 17431 | Lair:1   | Identified Sif Muna's Reference Book on Captivating
                  | Contamination (Sif Muna gifted it to you on level 1 of the
                  | Lair of Beasts)
 17431 | Lair:1   | Received a gift from Sif Muna
 18306 | D:11     | Bought a +1 leather armour of positive energy for 132 gold
                  | pieces
 18306 | D:11     | Bought a +2 ring mail of cold resistance for 252 gold
                  | pieces
 19455 | Lair:2   | Reached XP level 13. HP: 68/80 MP: 18/28
 20006 | Lair:3   | Reached skill level 10 in Fighting
 20276 | Lair:3   | Found a staircase to the Shoals.
 20818 | Lair:3   | Found a staircase to the Snake Pit.
 22188 | Lair:4   | Reached skill level 5 in Shields
 22364 | Lair:4   | Noticed an entropy weaver
 22372 | Lair:4   | Killed an entropy weaver
 22447 | Lair:4   | Noticed an entropy weaver
 22455 | Lair:4   | Killed an entropy weaver
 23403 | Lair:5   | Found a radiant altar of Vehumet.
 24375 | Lair:5   | Reached XP level 14. HP: 80/91 MP: 24/30
 24812 | Lair:6   | Entered Level 6 of the Lair of Beasts
 25034 | Lair:6   | Reached skill level 10 in Shields
 26922 | Lair:6   | Found a viscous altar of Jiyva.
 26922 | Lair:6   | Found a staircase to the Slime Pits.
 27344 | Lair:6   | Found a large runed translucent door.
 27344 | Lair:6   | Found a large runed translucent door.
 27426 | Lair:6   | Identified Sif Muna's Papyrus of Darkness (Sif Muna gifted
                  | it to you on level 6 of the Lair of Beasts)
 27426 | Lair:6   | Received a gift from Sif Muna
 27850 | Orc:2    | Slain by an orc knight

Skill      XL: |  1  2  3  4  5  6  7  8  9 10 11 12 13 14 |
---------------+-------------------------------------------+-----
Poison Magic   | 4 5 6 7 8 |  8.5
Spellcasting   | 3 4 5 8 10 11 | 11.8
Fighting       | 3 6 8 9 11 12 | 12.7
Dodging        | 7 8 |  8.0
Necromancy     | 7 12 | 12.0
Shields        | 4 8 11 | 11.6
Stealth        | |  2.0
Conjurations   | |  1.3

Action                   |  1- 3 |  4- 6 |  7- 9 | 10-12 | 13-15 || total
-------------------------+-------+-------+-------+-------+-------++-------
Melee: Whip              |    42 |       |       |       |       ||    42
       Kick              |     9 |    14 |    40 |    79 |    73 ||   215
       Peck              |     4 |     9 |    33 |    43 |    46 ||   135
       Morningstar       |     7 |    52 |    73 |       |       ||   132
       Flail             |       |       |   133 |   267 |       ||   400
       Hand axe          |       |       |       |    73 |   242 ||   315
 Cast: Sting             |    17 |       |       |     2 |       ||    19
       Poisonous Vapours |    27 |    14 |    33 |   122 |    42 ||   238
       Olgreb's Toxic Ra |       |     2 |    23 |    69 |    34 ||   128
       Mephitic Cloud    |       |       |     3 |    11 |       ||    14
       Bolt of Draining  |       |       |       |    10 |    18 ||    28
       Ignite Poison     |       |       |       |     7 |    34 ||    41
       Death Channel     |       |       |       |     7 |    19 ||    26
       Borgnjor's Vile C |       |       |       |     6 |    33 ||    39
Invok: Divine Energy     |       |       |     1 |       |       ||     1
 Abil: Fly               |       |     1 |       |       |       ||     1
Evoke: Wand              |       |       |     6 |    14 |     3 ||    23
  Use: Scroll            |       |     9 |     1 |    12 |     3 ||    25
       Potion            |       |       |       |     3 |       ||     3
 Stab: Sleeping          |     1 |     1 |     7 |     2 |     2 ||    13
       Confused          |       |       |     1 |     2 |       ||     3
       Paralysed         |       |       |       |     3 |       ||     3
       Distracted        |       |       |       |       |     7 ||     7
  Eat: Chunk             |     8 |     4 |    10 |    32 |    31 ||    85
       Ration            |       |     1 |     2 |     2 |     3 ||     8
Armor: Robe              |    16 |    14 |    61 |   102 |       ||   193
       Leather armour    |       |       |       |     1 |    43 ||    44
Dodge: Dodged            |    60 |    42 |   178 |   487 |   272 ||  1039
Block: Buckler           |       |       |       |    51 |   241 ||   292
       Reflection        |       |       |       |       |     5 ||     5
